 Dungeon Crawl Stone Soup version 0.25-a0-317-g5f8687bca5 (webtiles) character file.

Game seed: 15416591160489547357, levelgen mode: deterministic

564 ApocalypseTheory the Chopper (level 7, -1/56 HPs)
             Began as a Formicid Fighter on Dec 25, 2019.
             Slain by an ogre
             ... wielding a +0 giant club
              (21 damage)
             ... on level 4 of the Dungeon.
             The game lasted 00:13:50 (3319 turns).

ApocalypseTheory the Chopper (Formicid Fighter)     Turns: 3319, Time: 00:13:51

Health: -1/56      AC:  8    Str: 22    XL:     7   Next: 58%
Magic:  7/7        EV:  8    Int:  7    God:
Gold:   84         SH: 11    Dex: 11    Spells: 6/6 levels left

rFire    . . .     SeeInvis +   a - +0 war axe
rCold    . . .     Gourm    .   c - +1 shield
rNeg     . . .     Faith    .   b - +0 scale mail
rPois    .         Spirit   .   (helmet unavailable)
rElec    .         Reflect  .   (no cloak)
rCorr    .         Harm     .   (no gloves)
MR       .....                  o - +0 pair of boots
Stlth    ..........             (no amulet)
HPRegen  0.18/turn              (no ring)
MPRegen  0.10/turn              (no ring)

@: no status effects
A: permanent stasis, dig shafts and tunnels, four strong arms, antennae 3
a: Dig, Shaft Self


You were on level 4 of the Dungeon.
You were not hungry.

You visited 1 branch of the dungeon, and saw 4 of its levels.
You also visited: Sewer.

You collected 84 gold pieces.

Inventory:

Hand Weapons
 a - a +0 war axe (weapon)
Armour
 b - a +0 scale mail (worn)
 c - a +1 shield (worn)
 o - a +0 pair of boots (worn)
Scrolls
 e - a scroll of immolation
 g - a scroll of identify
 h - 2 scrolls of remove curse
 i - a scroll of blinking {unknown}
 k - 2 scrolls of enchant armour
 l - a scroll of amnesia
Potions
 d - a potion of might
 n - 2 potions of flight
 p - a potion of cancellation
 s - 2 potions of curing
Comestibles
 f - 6 rations
 q - 2 chunks of flesh


   Skills:
 + Level 5.2 Fighting
 * Level 5.7 Axes
 - Level 3.8 Armour
 + Level 5.3 Shields


You had 6 spell levels left.
You didn't know any spells.
Your spell library was empty.

Dungeon Overview and Level Annotations

Branches:
Dungeon (4/15)             Temple (0/1) D:4           Sewer (visited)

Altars:

Annotations:
D:3 2 runed translucent doors, Borgoz's ghost, amateur GrBe; Crazy Yiuf


Innate Abilities, Weirdness & Mutations

You cannot be hasted, slowed, berserked, paralysed or teleported.
You can dig through walls and to a lower floor.
Your four strong arms can wield two-handed weapons with a shield.
You have a pair of large antennae on your head. (SInv)


Message History

Your +0 pair of boots unmelds from your body.
Your +0 scale mail unmelds from your body.
Items here: )))) [[[ ÷÷ † An ogre comes into view.
It is wielding a +0 giant club.
The ogre shouts!
The ogre hits you with a +0 giant club!!
You closely miss the ogre. You block the ogre's attack.
You hit the ogre.
The ogre is lightly wounded.
You block the ogre's attack.
You slash the ogre!
The ogre is heavily wounded.
You block the ogre's attack.
You hit the ogre.
The ogre is heavily wounded.
The ogre barely misses you.
You hit the ogre.
The ogre is severely wounded.
The ogre hits you with a +0 giant club!!
You die...

*,*,,***,**,*
*,#..,**,**,*
*,#..,,,,**,*
*,#.#******,**
*,...,,,,,,,,*
**#.###*******
#.#.########
#O#........#
#@#.#####.##
#.#.#<# #.#
#.#.#.# #.#
#.#.#.# #.#
#.#.#.# #.#
#.#.#.# #.#
#.#.#.# #.#
#.#.#.# #.#
########.#.#.#
#.#


You could see an ogre.

Vanquished Creatures
  Sigmund (D:3)
  An ogre (D:4)
  A big kobold (Sewer)
  A crimson imp (D:2)
  An orc priest (D:4)
  An iguana (D:2)
  6 adders
  2 river rats
  2 worms
  3 dart slugs
  5 leopard geckos
  7 orcs
  A giant cockroach (D:3)
  8 goblins
  6 hobgoblins
  A jackal (Sewer)
  10 kobolds
  A ball python (D:3)
  5 bats
  4 frilled lizards
  11 rats
78 creatures vanquished.

Notes
Turn   | Place    | Note
-------+----------+-------------------------------------------
     0 | D:1      | ApocalypseTheory the Formicid Fighter began the quest for
                  | the Orb.
     0 | D:1      | Reached XP level 1. HP: 18/18 MP: 1/1
   165 | D:1      | Reached XP level 2. HP: 24/24 MP: 2/2
   597 | D:1      | Reached XP level 3. HP: 29/29 MP: 3/3
   919 | D:2      | Reached XP level 4. HP: 11/37 MP: 4/4
  1157 | D:2      | Reached XP level 5. HP: 37/42 MP: 5/5
  1719 | D:3      | Found a runed translucent door.
  1722 | D:3      | Noticed Borgoz's ghost (amateur GrBe)
  1737 | D:3      | Found a runed translucent door.
  1738 | D:3      | Noticed Crazy Yiuf
  1859 | D:3      | Found a glowing drain.
  1879 | D:3      | Reached XP level 6. HP: 27/49 MP: 6/6
  1981 | Sewer    | Entered a sewer
  2197 | Sewer    | Found a white marble altar of Elyvilon.
  2562 | D:3      | Noticed Sigmund
  2577 | D:3      | Killed Sigmund
  2577 | D:3      | Reached skill level 5 in Fighting
  2577 | D:3      | Reached skill level 5 in Axes
  2577 | D:3      | Reached skill level 5 in Shields
  2577 | D:3      | Reached XP level 7. HP: 55/56 MP: 7/7
  3319 | D:4      | Slain by an ogre

Levels and vault maps discovered:
D:1:      nicolae_arrival_washed_ashore, layout_basic, st_stairs_8
D:2:      layout_rooms, first_ration
D:3:      layout_loops_ring, ebering_ghost_reflecting_pool,
          gup_sewer_entry_spiral, uniq_crazy_yiuf_cottage, uniq_sigmund
D:4:      layout_basic, lemuel_coloured_pillars_altar,
          minmay_temple_entry_enclosed_plants, enter_ossuary_1

Skill      XL: |  1  2  3  4  5  6 |
---------------+-------------------+-----
Shields        | 4 5 |  5.3
Axes           | 3 4 5 |  5.7
Fighting       | 4 5 |  5.2
Armour         | |  3.8

Action                   |  1- 3 |  4- 6 |  7- 9 || total
-------------------------+-------+-------+-------++-------
Melee: War axe           |    78 |   221 |    33 ||   332
 Abil: Dig               |       |     1 |       ||     1
  Use: Scroll            |       |    13 |     1 ||    14
       Potion            |       |     1 |     1 ||     2
  Eat: Chunk             |       |     3 |     2 ||     5
       Ration            |       |     1 |       ||     1
Armor: Scale mail        |    40 |    95 |     5 ||   140
       Skin              |       |       |     1 ||     1
Dodge: Dodged            |    35 |    85 |     5 ||   125
Block: Shield            |    58 |   117 |    16 ||   191

Table legend:
 A = Non-vault XP
 B = Vault XP
 C = Vault XP percentage of total XP
 D = Non-vault monster count
 E = Vault monster count
 F = Vault count percentage of total count
                 A         B        C        D         E       F
            +---------+---------+-------+---------+---------+-------
      Total |     425 |     382 |  47.3 |      62 |      16 |  20.5
            +---------+---------+-------+---------+---------+-------
        D:1 |      25 |       5 |  16.7 |      15 |       2 |  11.8
        D:2 |     192 |       0 |   0.0 |      25 |       0 |   0.0
        D:3 |      45 |     258 |  85.1 |      18 |       7 |  28.0
        D:4 |     163 |       0 |   0.0 |       4 |       0 |   0.0
      Sewer |       0 |     119 | 100.0 |       0 |       7 | 100.0
            +---------+---------+-------+---------+---------+-------
